 Dungeon Crawl Stone Soup version 0.30-a0-29-g142975f185 (webtiles) character file.

Game seed: 5025912730176514960

30 AttackTheMoon the Ducker (level 3, -2/17 HPs)
             Began as a Felid Fighter on Aug 26, 2022.
             Was a Believer of Ru.
             Slain by an orc
             ... wielding a +0 hand axe
              (4 damage)
             ... on level 2 of the Dungeon.
             The game lasted 00:01:36 (1436 turns).

AttackTheMoon the Ducker (Felid Fighter)            Turns: 1436, Time: 00:01:37

Health: -2/17      AC:  1    Str: 12    XL:     3   Next: 3%
Magic:  4/4        EV: 19    Int:  9    God:    Ru [**....]
Gold:   31         SH:  0    Dex: 17    Spells: 2/2 levels left
                                        Lives:  0   Deaths: 0

rFire   . . .      SeeInvis +      - Unarmed
rCold   . . .      Faith    .    (shield unavailable)
rNeg    . . .      Spirit   .    (body armour unavailable)
rPois   .          Reflect  .    (helmet unavailable)
rElec   .          Harm     .    (cloak unavailable)
rCorr   .          Rampage  .    (gloves unavailable)
Will    .....                    (boots unavailable)
Stlth   ++........               (no amulet)
HPRegen 0.05/turn                (no ring)
MPRegen 0.09/turn                (no ring)

@: quick
A: very small, claws 1, fangs 3, see invisible, speed 1, shaggy fur 1, inability
to use devices, stealthy paws, no weapons or thrown items, no armour,
multi-lived
a: Renounce Religion


You were on level 2 of the Dungeon.
You worshipped Ru.
Ru was pleased with you.
You visited 1 branch of the dungeon, and saw 2 of its levels.

You collected 31 gold pieces.

Inventory:

Potions
 a - 2 potions of might
 d - a potion of mutation {unknown}
 e - 2 potions of curing {unknown}
 f - a potion of flight {unknown}
 g - a potion of resistance {unknown}


   Skills:
 + Level 3.3 Fighting
 + Level 4.5 Dodging
 + Level 1.1 Stealth
 + Level 4.3 Unarmed Combat


You had 2 spell levels left.
You didn't know any spells.
Your spell library contained the following spells:

 Spells                   Type           Power      Damage    Failure   Level
 Ensorcelled Hibernation  Hex/Ice        0%         N/A       52%         2
 Passwall                 Tmut/Erth      0%         N/A       52%         2
 Ignite Poison            Fire/Tmut/Pois 0%         N/A       77%         3
 Mephitic Cloud           Conj/Pois/Air  0%         N/A       77%         3
 Swiftness                Air            0%         N/A       77%         3
 Freezing Cloud           Conj/Ice/Air   0%         6-21      100%        5


Dungeon Overview and Level Annotations

Branches:
Dungeon (2/15)

Altars:
Ru

Shops:
D:1 [


Innate Abilities, Weirdness & Mutations

You have sharp claws.
You have razor-sharp teeth.
You have supernaturally acute eyesight. (SInv)
You cover ground quickly. (Speed+)
You are covered in fur. (AC +1)
You cannot study or use magical devices.
Your paws help you pounce on unaware monsters.
You are incapable of wielding weapons or throwing items.
You cannot wear armour.
You gain extra lives every three experience levels.


Message History

The orc is heavily wounded.
You redirect the orc's attack!
The orc hits the orc with a +0 hand axe.
The orc hits you with a +0 hand axe. x2
* * * LOW HITPOINT WARNING * * *
You are too injured to fight recklessly!
You are too injured to fight recklessly!
You are too injured to fight recklessly!
You are too injured to fight recklessly!
You are too injured to fight recklessly!
You are too injured to fight recklessly!
You are too injured to fight recklessly!
You are too injured to fight recklessly!
You are too injured to fight recklessly!
You are too injured to fight recklessly!
You are too injured to fight recklessly!
You are too injured to fight recklessly!
You are too injured to fight recklessly!
You are too injured to fight recklessly!
You are too injured to fight recklessly!
You are too injured to fight recklessly!
You are too injured to fight recklessly!
You are too injured to fight recklessly!
You are too injured to fight recklessly!
You are too injured to fight recklessly!
You completely miss the orc. You bite the orc.
The orc is heavily wounded.
The orc misses you. The orc barely misses you.
You scratch the orc.
You kill the orc!
The orc misses you.
You closely miss the orc. The orc hits you with a +0 hand axe.
* * * LOW HITPOINT WARNING * * *
You focus your inner power and illuminate the orc in retribution!
The orc completely misses you.
The hobgoblin shouts!
You scratch the orc.
The orc is almost dead.
The orc hits you with a +0 hand axe.
You die...

#. #.# ##.### #.#
g...##### #.########
#$#[.... #.<......^
####g#....# #.########
.......##<### #..#
######...)....#
#..#######.
......)...oo#.#
#..........
###########@#.#
#..#######.
######.#.###..#######.
.......................
#######.<.....#.#######
#.######.## #........#
##########


You could see 2 orcs and a hobgoblin.

Vanquished Creatures
  2 orcs (D:2)
  A giant cockroach (D:1)
  4 goblins (D:1)
  3 hobgoblins (D:1)
  4 jackals (D:1)
  3 kobolds (D:1)
  3 bats (D:1)
  A frilled lizard (D:1)
  3 rats (D:1)
24 creatures vanquished.

Notes
Turn   | Place    | Note
-------+----------+-------------------------------------------
     0 | D:1      | AttackTheMoon the Felid Fighter began the quest for the
                  | Orb.
     0 | D:1      | Reached XP level 1. HP: 10/10 MP: 2/2
    72 | D:1      | Found a faded altar of an unknown god.
    85 | D:1      | Reached XP level 2. HP: 14/14 MP: 3/3
    90 | D:1      | Prayed at the altar of an unknown god.
    90 | D:1      | Became a worshipper of Ru the Awakened
   109 | D:1      | Gained mutation: You cannot study or use magical devices.
                  | [Ru sacrifice]
   109 | D:1      | Reached * piety under Ru
   109 | D:1      | Reached ** piety under Ru
   619 | D:1      | Found Ugobokho's Armour Boutique.
  1037 | D:1      | Reached skill level 1 in Stealth
  1175 | D:2      | Reached XP level 3. HP: 8/17 MP: 4/4
  1436 | D:2      | Slain by an orc

Illustrated notes

Levels and vault maps discovered:
D:1:      ncdulo_wetmaze, layout_basic, chequers_ecumenical_altar_simple,
          serial_shops, shop, hangedman_decor_push
D:2:      layout_loops_ring

Skill      XL: |  1  2 |
---------------+-------+-----
Stealth        | 1 |  1.1
Fighting       | |  3.3
Dodging        | |  4.5
Unarmed Combat | |  4.3

Action                   || total
-------------------------++-------
Melee: Unarmed           ||    52
       Bite              ||     3
Invok: Sacrifice Artific ||     1
  Use: Scroll            ||     3
 Stab: Sleeping          ||     3
       Invisible         ||     1
Armor: Skin              ||     1
Dodge: Dodged            ||    36

Table legend: (Time is in decaauts)
 A = Elapsed time spent in this place.
 B = Non-inter-level travel time spent in this place.
 C = Inter-level travel time spent in this place.
 D = Time resting spent in this place.
 E = Time spent auto-exploring this place.
 F = Levels seen in this place.
 G = Mean time per level.
                   A        B        C        D        E       F      G
               +--------+--------+--------+--------+--------+-----+--------+
         Total |   1265 |   1208 |     57 |    267 |    804 |   2 |  632.5 |
       Dungeon |   1265 |   1208 |     57 |    267 |    804 |   2 |  632.5 |
               +--------+--------+--------+--------+--------+-----+--------+

Top non-repeatable levels by time:
     D:1: 1225 daAuts
     D:2: 39 daAuts
